 Dungeon Crawl Stone Soup version 0.20-a0-949-g916514f (webtiles) character file.

623814 MirrMurr the Conqueror (level 27, -1/179 HPs)
             Began as a Gargoyle Fighter on Apr 3, 2017.
             Was the Champion of Okawaru.
             Slain by Yrphakus the pandemonium lord (23 damage)
             ... on level 13 of the Dungeon on Apr 4, 2017.
             The game lasted 04:36:08 (68632 turns).

MirrMurr the Conqueror (Gargoyle Fighter)          Turns: 68632, Time: 04:36:09

Health: -1/179     AC: 66    Str: 40      XL:     27
Magic:  0/30       EV: 23    Int: 15 (18) God:    Okawaru [******]
Gold:   1654       SH: 32    Dex: 21      Spells: 20/26 levels left

rFire    + + +     SeeInvis .   a - +9 demon whip (drain)
rCold    + . .     Gourm    .   n - +5 large shield {AC+3}
rNeg     + . .     Faith    .   u - +8 plate armour of Moeff {rC+ Dex+4}
rPois    ∞         Spirit   +   B - +2 helmet
rElec    +         Reflect  .   w - +0 cloak of Okawaru's Condemnation {rElec Int+2 Dex+6}
rCorr    .         Harm     .   N - +4 pair of gloves of Tuuddewk {rPois Str+4 Int+3}
MR       ++++.                  F - +1 pair of boots of the Vestibule of Hell {Str+2}
Stlth    ..........             y - amulet of guardian spirit
Regen    0.4/turn               W - ring of the Mage {Wiz MR++ Int+3}
MPRegen  0.3/turn               Q - ring "Odelaesk" {*Drain +Blink rF+++ Str+4 Dex-2}

@: flying, drained
A: big wings, clumsy 1, frail 1, negative energy resistance 1, electricity
resistance, strong 2, unbreathing, petrification resistance, rot immunity, AC
+20
0: Orb of Zot
}: 3/15 runes: barnacled, slimy, gossamer
a: Stop Flying, Heroism, Finesse, Renounce Religion, Evoke Blink


You were on level 13 of the Dungeon.
You worshipped Okawaru.
Okawaru was exalted by your worship.
You were very full.

You visited 10 branches of the dungeon, and saw 51 of its levels.
You visited the Abyss 1 time.
You also visited: Bailey, Ice Cave and Volcano.

You collected 8051 gold pieces.
You spent 6397 gold pieces at shops.

Inventory:

Hand Weapons
 a - a +9 demon whip of draining (weapon)
 b - the +7 eveningstar of Nuozobux {flame, rC++ MR-}
   (Okawaru gifted it to you on level 1 of the Spider Nest)

   It has been specially enchanted to burn those struck by it, causing extra
   injury to most foes and up to half again as much damage against particularly
   susceptible opponents.
   It greatly protects you from cold.
   It affects your resistance to hostile enchantments.
 l - a +3 demon whip of electrocution
Missiles
 S - 21 javelins of penetration (quivered)
 Y - 3 throwing nets
Armour
 n - a +5 large shield of protection (worn)
 u - the +8 plate armour of Moeff (worn) {rC+ Dex+4}
   (You found it on level 1 of the Depths)

   It affects your dexterity (+4).
   It protects you from cold.
 w - the +0 cloak of Okawaru's Condemnation (worn) {rElec Int+2 Dex+6}
   (Okawaru gifted it to you on level 1 of the Lair of Beasts)

   It affects your intelligence (+2).
   It affects your dexterity (+6).
   It insulates you from electricity.
 B - a +2 helmet (worn)
 F - the +1 pair of boots of the Vestibule of Hell (worn) {Str+2}
   (You found it on level 5 of the Pits of Slime)

   It affects your strength (+2).
 N - the +4 pair of gloves of Tuuddewk (worn) {rPois Str+4 Int+3}
   (You bought it in a shop on level 5 of the Dungeon)

   It affects your strength (+4).
   It affects your intelligence (+3).
   It protects you from poison.
Jewellery
 y - an amulet of guardian spirit (around neck)
 Q - the ring "Odelaesk" (right hand) {*Drain +Blink rF+++ Str+4 Dex-2}
   (You found it on level 1 of the Lair of Beasts)

   [ring of strength]

   It affects your strength (+4).
   It affects your dexterity (-2).
   It renders you almost immune to fire.
   It lets you blink.
   It causes draining when unequipped.
 W - the ring of the Mage (left hand) {Wiz MR++ Int+3}
   (You took it off a yellow draconian on level 5 of the Realm of Zot)

   [ring of wizardry]

   It improves your spell success rate.
   It affects your intelligence (+3).
   It affects your resistance to hostile enchantments.
 Z - an uncursed ring of resist corrosion
Wands
 c - a wand of iceblast (5/15)
 e - a wand of disintegration (9/24)
 v - a wand of lightning (7/15)
 D - a wand of paralysis (14/24)
 H - a wand of digging (21/24)
 J - a wand of acid (8/15)
 X - a wand of clouds (3/9)
Scrolls
 g - 13 scrolls of teleportation
 i - 14 scrolls of identify
 r - 18 scrolls of remove curse
 t - 7 scrolls of blinking
 G - a scroll of silence
 K - 6 scrolls of fog
 P - 8 scrolls of recharging
 R - 2 scrolls of fear
 T - 3 scrolls of magic mapping
Potions
 j - 7 potions of might
 k - 20 potions of curing
 o - 12 potions of cancellation
 p - 8 potions of brilliance
 q - 5 potions of heal wounds
 x - 6 potions of mutation
 z - 4 potions of resistance
 A - 14 potions of haste
 C - a potion of ambrosia
 L - 5 potions of berserk rage
 M - 5 potions of agility
 U - a potion of magic
 V - a potion of invisibility
Miscellaneous
 s - a phial of floods
 E - 2 phantom mirrors
 O - a lamp of fire
Comestibles
 f - 24 bread rations
 h - 22 meat rations
 m - 30 fruits
 I - 26 royal jellies


   Skills:
 O Level 27(26.6) Fighting
 - Level 16.3(16.0) Maces & Flails
 + Level 22.4(22.1) Armour
 + Level 18.1(17.9) Dodging
 * Level 20.9(20.6) Shields
 - Level 6.8(6.6) Translocations
 - Level 0.4(0.2) Air Magic
 - Level 10.3(10.1) Invocations
 - Level 6.9(6.7) Evocations


You had 20 spell levels left.
You knew the following spells:

 Your Spells              Type           Power        Failure   Level  Hunger
a - Apportation           Tloc           ###...       4%          1    ##.....
b - Swiftness             Chrm/Air       #.......     83%         2    ###....
c - Summon Butterflies    Summ           #.......     67%         1    ##.....
d - Passwall              Tmut/Erth      #.........   83%         2    ###....


Dungeon Overview and Level Annotations

Branches:
Dungeon (15/15)            Temple (1/1) D:4            Lair (6/6) D:9
 Shoals (4/4) Lair:4       Spider (4/4) Lair:4        Slime (5/5) Lair:6
    Orc (2/2) D:10            Elf (0/3) Orc:2        Vaults (4/5) D:13
  Crypt (0/3) Vaults:2     Depths (5/5) D:15            Zot (5/5) Depths:5

Altars:
Ashenzari
Cheibriados
Dithmenos
Elyvilon
Fedhas
Gozag
Hepliaklqana
Kikubaaqudgha
Makhleb
Nemelex Xobeh
Okawaru
Qazlal
Ru
Sif Muna
Trog
Uskayaw
Vehumet
Wu Jian
Xom
Yredelemnul
Zin
The Shining One
Jiyva

Shops:
D:5 [   D:10 ?   D:11 (   Orc:2 !::[[   Shoals:1 (   Shoals:2 :   Shoals:4 %
Vaults:3 ?([[*   Depths:4 ==}

Portals:
Hell: Depths:1 Depths:2 Depths:3 Depths:4 Depths:5
Abyss: Depths:3 Depths:4
Pandemonium: Depths:1 Depths:3
Ziggurat: Depths:1

Annotations:
Lair:5 exclusion: 2 oklob plants
Shoals:1 1 runed door
Vaults:4 exclusion: obsidian statue


Innate Abilities, Weirdness & Mutations

You are resistant to torment.
Your stone body is resilient. (AC +20)
You are immune to poison.
Your large and strong wings let you fly indefinitely.
You resist negative energy. (rN+)
You are resistant to electric shocks. (rElec)
You can survive without breathing.
You are immune to petrification.
You are immune to rotting.
You are clumsy. (Dex -2)
You are frail. (-10% HP)
Your muscles are very strong. (Str +4)


Message History

The ynoxinul gestures.
The eye of draining gazes at you.
Okay, then.
Cast which spell? (? or * to list)
You don't know that spell.
Unknown command.
You don't have enough magic at the moment.
Bianil gestures at you. You block the lance of force.
You block Yrphakus's attack. You block Bianil's attack. Bianil gestures at you.
You block the lance of force.
The Tzitzimitl calls on the powers of darkness!
The Orb Guardian convulses!
The great orb of eyes convulses! x2
The eye of devastation convulses!
Your body is wracked with pain!
* * * LOW HITPOINT WARNING * * *
Yrphakus misses you. Yrphakus hits you!!
* * * LOW HITPOINT WARNING * * *
Space warps horribly around you!
You die...

.....#.#.#.#.......≈≈≈≈≈.≈≈≈≈.#
...##.#.#.###......≈≈≈≈≈.≈≈≈≈.#
...#.#.#.#..#......≈≈≈≈≈.≈≈≈≈.#
...##.#.#.###......≈≈≈≈≈.≈≈≈≈.#
...###.#.#.##....#.......≈≈≈≈.#
....#.#.#.#....#...≈≈≈≈.......#
....####.###..#....≈≈≈≈3≈≈≈≈≈.#
......#.##.........≈≈≈≈5≈≈≈≈≈.#
.#............#.@&G≈≈≈555G≈≈≈.#
#################&.15X5G≈≈≈≈≈.#
#.....355.....# #...G..5...####
############


You could see Bianil, Yrphakus, a Tzitzimitl, an Orb Guardian, 2 great orbs of
eyes, an eye of devastation, a neqoxec, a ynoxinul, a crimson imp and 6 ufetubi.

Vanquished Creatures
  the Royal Jelly (Slime:5)
  2 orbs of fire (Zot:5)
  An ancient lich (Zot:5)
  2 greater mummies (Depths:2)
  A juggernaut (Depths:5)
  Margery (Depths:1)
  Saint Roka (Depths:2)
  6 caustic shrikes
  4 Killer Klowns (Zot:5)
  10 golden dragons
  A curse toe (Zot:2)
  Jory (Depths:4)
  A profane servitor (Zot:4)
  2 liches (Depths:5)
  Arachne (Spider:4)
  4 electric golems
  Rupert (Orc:2)
  17 tentacled monstrosities
  24 Orb Guardians (Zot:5)
  3 titans
  18 acid blobs
  Polyphemus (Shoals:3)
  4 quicksilver dragons
  13 shadow dragons
  Frances (D:13)
  7 sphinxes
  10 death cobs
  Gastronok (Lair:2)
  14 storm dragons
  Donald (Shoals:1)
  Ilsuiw (Shoals:4)
  Kirke (Shoals:1)
  8 draconian monks
  3 tengu reavers
  8 fire giants
  7 azure jellies
  6 draconian knights
  2 deep elf sorcerers
  Louise (Shoals:1)
  12 ghost moths
  2 iron dragons
  14 frost giants
  4 emperor scorpions
  A ghost moth (shapeshifter) (Depths:5)
  7 draconian shifters
  6 draconian scorchers
  5 vault wardens
  A balrug (D:14)
  5 ironheart preservers
  6 draconian stormcallers
  15 very ugly things
  18 stone giants
  5 entropy weavers
  5 draconian annihilators
  A spriggan defender (Depths:3)
  The ghost of crossborder the Brawler, a journeyman TrMo of Ru (D:15)
  6 vampire knights
  11 green draconians
  11 white draconians
  16 black draconians
  14 yellow draconians
  9 spark wasps
  11 purple draconians
  8 red draconians
  Snorg (Orc:1)
  The ghost of Borel the Unseen, a journeyman SpEn of Dithmenos (Lair:6)
  7 merfolk javelineers
  A deep elf death mage (Depths:5)
  An ettin (shapeshifter) (Vaults:4)
  A green death (Depths:1)
  3 mummy priests (Depths:2)
  10 ettins
  7 merfolk impalers
  A minotaur (Shoals:2)
  20 great orbs of eyes
  7 fire dragons
  10 yaktaur captains
  Erolcha (D:10)
  10 ice dragons
  Fannar (Lair:1)
  6 hydras
  2 vault guards (Vaults:2)
  5 rakshasas
  5 spriggan air magi
  3 alligator snapping turtles (Shoals:4)
  15 centaur warriors
  3 satyrs (Shoals:2)
  2 catoblepae
  32 two-headed ogres
  5 merfolk avatars
  2 death knights
  2 tengu warriors
  10 merfolk aquamancers
  10 ogre magi
  3 orc high priests (Orc:2)
  17 deep troll earth magi
  16 deep troll shamans
  6 spriggan berserkers
  Urug (D:10)
  8 death yaks
  Sonja (D:15)
  7 deep elf knights
  21 hell knights
  10 shadow wraiths
  A fire crab (shapeshifter) (Depths:2)
  A salamander mystic (Depths:2)
  A sixfirhy (Zot:5)
  A storm dragon skeleton (Vaults:2)
  7 iron trolls
  5 skeletal warriors
  3 spriggan druids (Depths:3)
  4 flayed ghosts
  35 deep trolls
  5 wizards
  6 glowing orange brains
  3 death drakes (shapeshifter)
  2 deep elf archers
  16 sea snakes
  Pikel (D:6)
  12 ironbrand convokers
  A sphinx zombie (Vaults:2)
  A wolf spider zombie (D:8)
  An orb spider (shapeshifter) (Vaults:4)
  17 harpies
  A harpy (shapeshifter) (D:15)
  4 necromancers
  17 orc knights
  4 phantasmal warriors
  57 ugly things
  15 orb spiders
  19 manticores
  10 orc sorcerers
  5 deep elf magi
  13 fauns (Shoals:2)
  36 wolf spiders
  2 shining eyes (Slime:5)
  11 cyclopes
  4 salamanders (Depths:2)
  28 moths of wrath
  A stone giant skeleton (Vaults:2)
  2 black mambas (Lair:4)
  A black mamba (shapeshifter) (Vaults:2)
  2 torpor snails
  A guardian serpent (shapeshifter) (Vaults:2)
  24 spiny frogs
  8 elephants
  10 water nymphs
  Psyche (D:10)
  2 eyes of devastation (Slime:5)
  8 vault sentinels
  5 centaur zombies
  11 merfolk sirens
  2 centaur skeletons
  9 demonic crawlers
  5 komodo dragons
  3 gargoyles
  8 freezing wraiths
  2 human zombies (Vaults:2)
  4 hellwings
  4 rime drakes
  3 guardian mummies (Depths:2)
  45 yaktaurs
  A tengu conjurer (Depths:1)
  2 efreet
  26 merfolk
  2 queen bees
  5 trolls
  6 meliai
  A queen bee (shapeshifter) (Vaults:4)
  23 polar bears
  6 red devils
  4 wind drakes
  A meliai (shapeshifter) (Vaults:4)
  A troll (shapeshifter) (Depths:4)
  Grinder (D:5)
  A merfolk (shapeshifter) (Depths:3)
  4 tyrant leeches (Lair:6)
  Prince Ribbit (D:5)
  8 hippogriffs
  A snapping turtle (shapeshifter) (Depths:1)
  11 hornets
  14 blink frogs (Lair:6)
  28 jumping spiders
  A stone giant simulacrum (Vaults:2)
  94 slime creatures
  12 snapping turtles
  A dream sheep (shapeshifter) (Depths:5)
  6 dream sheep
  17 flying skulls (D:14)
  A redback (shapeshifter) (Depths:5)
  19 spriggans
  5 shadows
  A tarantella (shapeshifter) (Depths:3)
  25 water elementals
  5 air elementals
  17 wraiths
  55 yaks
  2 fire elementals
  104 redbacks
  25 tarantellas
  3 fire bats (Lair:3)
  A basilisk (shapeshifter) (Depths:5)
  2 basilisks
  2 wyverns
  A steam dragon (D:14)
  2 hogs (Shoals:1)
  2 chaos spawn
  A hungry ghost (D:4)
  7 wargs
  Edmund (D:6)
  21 vampire mosquitoes
  6 swamp worms (Spider:3)
  Menkaure (D:5)
  2 soldier ants
  3 acid dragons
  2 floating eyes
  13 water moccasins
  A hell hound (Depths:2)
  12 porcupines
  6 black bears
  41 orc warriors
  A black bear (shapeshifter) (Depths:2)
  A phantom (D:8)
  4 ice beasts
  5 sky beasts
  A hornet zombie (D:9)
  5 eyes of draining
  31 ogres
  25 wolves
  4 boggarts (Vaults:2)
  32 centaurs
  10 crocodiles
  4 big kobolds
  Blork the orc (D:6)
  A wyvern zombie (D:10)
  20 bullfrogs
  5 earth elementals (Volcano)
  2 wyvern skeletons (D:8)
  4 scorpions
  30 killer bees
  4 wights (D:5)
  3 howler monkeys
  6 electric eels
  6 crimson imps
  2 bullfrog zombies
  A quasit (Zot:5)
  A wyvern simulacrum (D:14)
  11 hounds
  3 bullfrog skeletons
  9 jellies
  20 orc priests
  Crazy Yiuf (D:3)
  27 orc wizards
  Ijyb (D:3)
  An iguana (shapeshifter) (Depths:1)
  2 iguanas
  A lightning spire (Zot:4)
  10 worker ants
  A polar bear simulacrum (Lair:2)
  3 wolf simulacra (Lair:2)
  2 yak simulacra (Lair:2)
  A killer bee zombie (D:7)
  A hound skeleton (D:10)
  Robin (D:3)
  12 gnolls
  20 adders
  10 shadow imps
  A white imp (Depths:4)
  An ooze (Lair:6)
  2 adder zombies
  19 worms
  3 dart slugs
  12 leopard geckos
  94 orcs
  14 bats
  4 giant cockroaches
  15 goblins
  13 hobgoblins
  14 jackals
  5 quokkas
  2 frilled lizards
  A jackal skeleton (D:4)
  42 kobolds
  2 quokka skeletons
  8 rats
  5 river rat simulacra (Lair:2)
  A fire vortex (Depths:2)
  2 plants
2442 creatures vanquished.

Vanquished Creatures (others)
  A tengu reaver (Depths:5)
  A storm dragon (Zot:5)
  A fire giant (D:15)
  A purple draconian (Zot:5)
  A wolf spider (Spider:4)
  2 moths of wrath (Zot:5)
  A hellion (Depths:2)
  A polar bear (IceCv)
  A human (Shoals:1)
  A water elemental (Depths:2)
  A boggart (Vaults:2)
  A wolf (IceCv)
  A centaur (Vaults:2)
  2 orc wizards (Orc:2)
  A worker ant (D:6)
  An orc (Depths:2)
  64 bushes (Depths:3)
  13 fungi
  75 plants
  3 withered plants (D:8)
173 creatures vanquished.

Grand Total: 2615 creatures vanquished

Notes
Turn   | Place    | Note
-------+----------+-------------------------------------------
     0 | D:1      | MirrMurr the Gargoyle Fighter began the quest for the Orb.
     0 | D:1      | Reached XP level 1. HP: 14/14 MP: 1/1
   192 | D:1      | Reached XP level 2. HP: 18/19 MP: 2/2
   375 | D:1      | Reached XP level 3. HP: 24/24 MP: 3/3
   953 | D:2      | Reached skill level 4 in Fighting
  1029 | D:2      | Reached XP level 4. HP: 29/29 MP: 4/4
  1326 | D:2      | Reached XP level 5. HP: 20/33 MP: 5/5
  1611 | D:3      | Noticed Robin
  1644 | D:3      | Killed Robin
  2219 | D:3      | Reached XP level 6. HP: 21/39 MP: 6/6
  2477 | D:3      | Found a runed door.
  2481 | D:3      | Noticed Crazy Yiuf
  2486 | D:3      | Killed Crazy Yiuf
  2919 | D:3      | Reached skill level 5 in Maces & Flails
  3217 | D:3      | Noticed Ijyb
  3235 | D:3      | Killed Ijyb
  3235 | D:3      | Reached skill level 5 in Fighting
  3516 | D:4      | Reached XP level 7. HP: 44/44 MP: 7/7
  3572 | D:4      | Reached skill level 5 in Armour
  4499 | D:4      | Noticed a hungry ghost
  4571 | D:4      | Paralysed by fainting for 9 turns
  4611 | D:4      | Killed a hungry ghost
  4611 | D:4      | Reached XP level 8. HP: 51/51 MP: 8/8
  4739 | D:4      | Found a staircase to the Ecumenical Temple.
  4809 | Temple   | Entered the Ecumenical Temple
  4875 | Temple   | Became a worshipper of Warmaster Okawaru
  5197 | D:5      | Entered Level 5 of the Dungeon
  5205 | D:5      | Found Lupeqis's Armour Boutique.
  5302 | D:5      | Noticed Menkaure
  5309 | D:5      | Killed Menkaure
  5427 | D:5      | Noticed Grinder
  5448 | D:5      | Killed Grinder
  5448 | D:5      | Reached skill level 6 in Fighting
  5519 | D:5      | Noticed Prince Ribbit
  5591 | D:5      | Killed Prince Ribbit
  5591 | D:5      | Reached * piety under Okawaru
  5610 | D:5      | Found an opulent altar of Gozag.
  5803 | D:5      | Reached XP level 9. HP: 55/56 MP: 9/9
  6439 | D:5      | Reached skill level 5 in Shields
  6597 | D:6      | Noticed Edmund
  6607 | D:6      | Killed Edmund
  6633 | D:6      | Noticed Pikel
  6642 | D:6      | Killed Pikel
  6642 | D:6      | Reached ** piety under Okawaru
  6642 | D:6      | Reached skill level 7 in Fighting
  6642 | D:6      | Reached skill level 1 in Invocations
  6758 | D:6      | Got a slimy dagger
  6794 | D:6      | Noticed Blork the orc
  6807 | D:6      | Killed Blork the orc
  7565 | D:7      | Found a shadowy altar of Dithmenos.
  7592 | D:7      | Got a pair of jewelled gloves
  7602 | D:7      | Identified the +2 pair of gloves of the Thirteen Runes {*Slow +Blink Str+5} (You found it on level 7 of the Dungeon)
  7718 | D:7      | Reached *** piety under Okawaru
  7718 | D:7      | Reached XP level 10. HP: 59/63 MP: 10/12
  7914 | D:8      | Noticed a cyclops
  7930 | D:8      | Killed a cyclops
  8278 | D:8      | Reached **** piety under Okawaru
  8278 | D:8      | Reached skill level 10 in Maces & Flails
  8302 | D:8      | Reached skill level 8 in Fighting
  9126 | D:9      | Reached ***** piety under Okawaru
  9170 | D:9      | Reached XP level 11. HP: 45/69 MP: 14/14
  9390 | D:9      | Found a staircase to the Lair.
  9929 | D:10     | Entered Level 10 of the Dungeon
  9934 | D:10     | Found Gycuggus's Magic Scroll Shop.
  9939 | D:10     | Bought a scroll of teleportation for 42 gold pieces
  9939 | D:10     | Bought a scroll of blinking for 105 gold pieces
  9939 | D:10     | Bought a scroll of teleportation for 42 gold pieces
  9945 | D:10     | Noticed Urug
  9977 | D:10     | Killed Urug
  9977 | D:10     | Reached skill level 5 in Invocations
 10169 | D:10     | Noticed Psyche
 10180 | D:10     | Killed Psyche
 10449 | D:10     | Reached skill level 9 in Fighting
 10481 | D:10     | Found a staircase to the Orcish Mines.
 10558 | D:10     | Noticed Erolcha
 10572 | D:10     | Killed Erolcha
 10733 | D:11     | Noticed a white ugly thing
 10747 | D:11     | Killed a white ugly thing
 10874 | D:11     | Noticed a seven-headed hydra
 10891 | D:11     | Killed a seven-headed hydra
 10992 | D:11     | Noticed a cyclops
 11006 | D:11     | Killed a cyclops
 11006 | D:11     | Reached ****** piety under Okawaru
 11315 | D:11     | Reached XP level 12. HP: 58/76 MP: 13/16
 11320 | D:11     | Received a gift from Okawaru
 11436 | D:11     | Found Quutos's Antique Weapon Shop.
 11648 | D:11     | Reached skill level 10 in Armour
 11869 | Lair:1   | Entered Level 1 of the Lair of Beasts
 12012 | Lair:1   | Noticed a seven-headed hydra
 12115 | Lair:1   | Killed a seven-headed hydra
 12244 | Lair:1   | Noticed Fannar
 12270 | Lair:1   | Killed Fannar
 12339 | Lair:1   | Got a wavering silver ring
 12362 | Lair:1   | Identified the ring "Odelaesk" {*Drain +Blink rF+++ Str+4 Dex-2} (You found it on level 1 of the Lair of Beasts)
 12414 | Lair:1   | Received a gift from Okawaru
 12434 | Lair:1   | Got a jewelled cloak {god gift}
 12451 | Lair:1   | Identified the +0 cloak of Okawaru's Condemnation {rElec Int+2 Dex+6} (Okawaru gifted it to you on level 1 of the Lair of Beasts)
 12674 | Lair:1   | Reached skill level 10 in Fighting
 13242 | Lair:2   | Reached XP level 13. HP: 70/82 MP: 15/18
 13343 | Lair:2   | Noticed Gastronok
 13358 | Lair:2   | Killed Gastronok
 13976 | Lair:3   | Found a dark tunnel.
 13988 | Volcano  | Entered a volcano
 14013 | Volcano  | Noticed a stone giant
 14023 | Volcano  | Killed a stone giant
 14023 | Volcano  | Reached skill level 10 in Shields
 14373 | Volcano  | Received a gift from Okawaru
 14755 | Lair:3   | Learned a level 1 spell: Apportation
 14757 | Lair:3   | Learned a level 1 spell: Confusing Touch
 15032 | Lair:4   | Found a staircase to the Shoals.
 15230 | Lair:4   | Reached skill level 11 in Fighting
 15418 | Lair:4   | Received a gift from Okawaru
 15425 | Lair:4   | Found a hole to the Spider Nest.
 15869 | Lair:5   | Found a frozen archway.
 15887 | IceCv    | Entered an ice cave
 16074 | IceCv    | Reached skill level 1 in Dodging
 16126 | IceCv    | Gained mutation: Your large and strong wings let you fly indefinitely. [Gargoyle growth]
 16126 | IceCv    | Reached XP level 14. HP: 88/90 MP: 20/20
 16181 | IceCv    | Received a gift from Okawaru
 16335 | IceCv    | Noticed a frost giant
 16367 | IceCv    | Killed a frost giant
 17395 | Lair:6   | Entered Level 6 of the Lair of Beasts
 17440 | Lair:6   | Noticed Borel's ghost (journeyman SpEn)
 17462 | Lair:6   | Killed Borel's ghost
 17469 | Lair:6   | Received a gift from Okawaru
 17565 | Lair:6   | Got a smoking dire flail {god gift}
 17566 | Lair:6   | Identified the +10 dire flail of Bitha {freeze, rElec MR+ Dex-4} (Okawaru gifted it to you on level 6 of the Lair of Beasts)
 17652 | Lair:6   | Found a runed door.
 17652 | Lair:6   | Found a viscous altar of Jiyva.
 17656 | Lair:6   | Found a staircase to the Slime Pits.
 17997 | Lair:6   | Reached skill level 15 in Maces & Flails
 18495 | Lair:6   | Reached skill level 5 in Dodging
 18495 | Lair:6   | Reached XP level 15. HP: 96/96 MP: 21/21
 18664 | Lair:6   | Reached skill level 12 in Fighting
 18943 | D:12     | Found a flagged portal.
 18951 | Bailey   | Entered a bailey
 19384 | D:12     | Received a gift from Okawaru
 20206 | D:13     | Received a gift from Okawaru
 20227 | D:13     | Noticed Frances
 20243 | D:13     | Killed Frances
 20677 | D:13     | Found a gate to the Vaults.
 22112 | D:15     | Entered Level 15 of the Dungeon
 22205 | D:15     | Noticed Sonja
 22216 | D:15     | Killed Sonja
 22216 | D:15     | Received a gift from Okawaru
 22360 | D:15     | Found a staircase to the Depths.
 22360 | D:15     | Noticed a fire giant
 22378 | D:15     | Killed a fire giant
 23027 | D:15     | Reached XP level 16. HP: 76/103 MP: 14/22
 23443 | Orc:1    | Entered Level 1 of the Orcish Mines
 23661 | Orc:1    | Noticed Snorg
 23674 | Orc:1    | Killed Snorg
 24104 | D:5      | Bought the +4 pair of gloves of Tuuddewk {rPois Str+4 Int+3} for 705 gold pieces
 24223 | Orc:2    | Entered Level 2 of the Orcish Mines
 24236 | Orc:2    | Noticed Rupert
 24252 | Orc:2    | Killed Rupert
 24310 | Orc:2    | Received a gift from Okawaru
 24377 | Orc:2    | Found a staircase to the Elven Halls.
 24455 | Orc:2    | Found Eptusex's Distillery.
 24473 | Orc:2    | Bought a potion of haste for 140 gold pieces
 24473 | Orc:2    | Bought a potion of haste for 140 gold pieces
 24473 | Orc:2    | Bought a potion of ambrosia for 112 gold pieces
 24473 | Orc:2    | Bought 2 potions of cancellation for 224 gold pieces
 24705 | Orc:2    | Gained mutation: You have large cloven feet. [a neqoxec]
 25018 | Orc:2    | Found Kapaosm's Book Shoppe.
 25018 | Orc:2    | Found Ruudd's Antique Armour Boutique.
 25043 | Orc:2    | Found Visalosm's Armour Boutique.
 25043 | Orc:2    | Found Zutain's Book Shoppe.
 25057 | Orc:2    | Bought the +4 crystal plate armour "Bepoclox" {MP+9 Int+2} for 1562 gold pieces
 25272 | Shoals:1 | Entered Level 1 of the Shoals
 25273 | Shoals:1 | Upgraded the game from 0.20-a0-947-g2784f4f to 0.20-a0-949-g916514f
 25290 | Shoals:1 | Found Iladang's Weapon Boutique.
 25301 | Shoals:1 | Noticed Donald
 25319 | Shoals:1 | Killed Donald
 25395 | Shoals:1 | Found a runed door.
 25407 | Shoals:1 | Reached skill level 13 in Fighting
 25716 | Shoals:1 | Noticed Kirke
 25717 | Shoals:1 | Noticed Louise
 25727 | Shoals:1 | Killed Kirke
 25727 | Shoals:1 | Received a gift from Okawaru
 25742 | Shoals:1 | Killed Louise
 26088 | Shoals:1 | Reached skill level 1 in Evocations
 26785 | Shoals:2 | Found a hide-covered altar of Uskayaw.
 27264 | Shoals:2 | Reached XP level 17. HP: 106/110 MP: 23/23
 27280 | Shoals:2 | Received a gift from Okawaru
 27300 | Shoals:2 | Got an ichor-stained shield {god gift}
 27322 | Shoals:2 | Identified the -8 shield of the Elven Halls {Int+3} (Okawaru gifted it to you on level 2 of the Shoals)
 27379 | Shoals:2 | Found Oskota's Book Shop.
 27492 | Shoals:2 | Reached skill level 14 in Fighting
 28170 | Shoals:3 | Noticed Polyphemus
 28290 | Shoals:3 | Killed Polyphemus
 28904 | Shoals:3 | Received a gift from Okawaru
 29464 | Shoals:4 | Entered Level 4 of the Shoals
 29528 | Shoals:4 | Found Nimolig's Food Boutique.
 29638 | Shoals:4 | Reached skill level 10 in Dodging
 29945 | Shoals:4 | Noticed Ilsuiw
 30038 | Shoals:4 | Learned a level 2 spell: Swiftness
 30228 | Shoals:4 | Reached skill level 15 in Fighting
 30476 | Shoals:4 | Received a gift from Okawaru
 30663 | Shoals:4 | Reached XP level 18. HP: 86/119 MP: 24/24
 30849 | Shoals:4 | Got a barnacled rune of Zot
 31068 | Shoals:4 | Killed Ilsuiw
 31196 | Shoals:4 | Reached skill level 5 in Evocations
 31858 | Spider:1 | Entered Level 1 of the Spider Nest
 32270 | Spider:1 | Received a gift from Okawaru
 33107 | Spider:2 | Learned a level 1 spell: Summon Butterflies
 33384 | Spider:3 | Reached skill level 16 in Fighting
 33413 | Spider:3 | Received a gift from Okawaru
 33417 | Spider:3 | Got a dazzling mace {god gift}
 33418 | Spider:3 | Identified the +1 mace of the Revolution {freeze, *Rage rN+ Int+3} (Okawaru gifted it to you on level 3 of the Spider Nest)
 34179 | Spider:1 | Got a jewelled eveningstar {god gift}
 34180 | Spider:1 | Identified the +7 eveningstar of Nuozobux {flame, rC++ MR-} (Okawaru gifted it to you on level 1 of the Spider Nest)
 34285 | Spider:4 | Entered Level 4 of the Spider Nest
 34696 | Spider:4 | Reached skill level 15 in Armour
 34696 | Spider:4 | Reached XP level 19. HP: 112/125 MP: 25/25
 34988 | Spider:4 | Received a gift from Okawaru
 35595 | Spider:4 | Noticed Arachne
 35637 | Spider:4 | Killed Arachne
 36139 | Spider:4 | Got a gossamer rune of Zot
 36946 | Vaults:1 | Entered Level 1 of the Vaults
 36978 | Vaults:1 | Reached skill level 15 in Shields
 37288 | Vaults:1 | Reached skill level 17 in Fighting
 37310 | Vaults:1 | Received a gift from Okawaru
 38288 | Vaults:2 | Reached XP level 20. HP: 128/134 MP: 26/26
 38457 | Vaults:2 | Received a gift from Okawaru
 38475 | Vaults:2 | Got a translucent morningstar {god gift}
 38476 | Vaults:2 | Identified the +7 morningstar "Xos Afam" {crush, Str+2 Stlth+} (Okawaru gifted it to you on level 2 of the Vaults)
 38577 | Vaults:2 | Found a staircase to the Crypt.
 38577 | Vaults:2 | Found an ancient bone altar of Kikubaaqudgha.
 38731 | Vaults:2 | Reached skill level 18 in Fighting
 39344 | Vaults:2 | Found a basalt altar of Yredelemnul.
 39418 | Vaults:2 | Received a gift from Okawaru
 39847 | Vaults:3 | Found Wour's Magic Scroll Emporium.
 39852 | Vaults:3 | Bought a scroll of enchant weapon for 90 gold pieces
 39852 | Vaults:3 | Bought a scroll of brand weapon for 240 gold pieces
 40201 | Vaults:3 | Found a ruined gateway.
 40284 | Vaults:3 | Found Qerghit's Antique Armour Shop.
 40364 | Vaults:3 | Bought a shiny shield for 330 gold pieces
 40364 | Vaults:3 | Bought an embroidered cloak for 330 gold pieces
 40364 | Vaults:3 | Bought a pair of glowing gloves for 330 gold pieces
 40419 | Vaults:3 | Found Ofoe's Assorted Antiques.
 40453 | Vaults:3 | Found Obautoul's Antique Armour Shop.
 40569 | Vaults:3 | Received a gift from Okawaru
 40592 | Vaults:3 | Reached skill level 10 in Invocations
 40744 | Vaults:3 | Found Tetyaray's Weapon Shoppe.
 41637 | Vaults:4 | Identified a scroll of acquirement
 41735 | Vaults:3 | Bought 2 potions of might for 296 gold pieces
 41735 | Vaults:3 | Bought a scroll of brand weapon for 740 gold pieces
 41986 | Vaults:4 | Reached skill level 19 in Fighting
 42050 | Vaults:4 | Reached XP level 21. HP: 110/144 MP: 28/28
 42633 | Vaults:4 | Received a gift from Okawaru
 43107 | Vaults:4 | Reached skill level 20 in Fighting
 43168 | Vaults:4 | Learned a level 2 spell: Passwall
 43615 | Depths:1 | Entered Level 1 of the Depths
 43662 | Depths:1 | Received a gift from Okawaru
 43718 | Depths:1 | Noticed a caustic shrike
 43756 | D:15     | Killed a caustic shrike
 44200 | Depths:1 | Noticed Margery
 44200 | Depths:1 | Found a gateway to Hell.
 44225 | Depths:1 | Killed Margery
 44339 | Depths:1 | Found a gateway to a ziggurat.
 44861 | Depths:1 | Reached XP level 22. HP: 153/153 MP: 29/29
 44868 | Depths:1 | Found a one-way gate leading to the halls of Pandemonium.
 45209 | Depths:1 | Paralysed by a great orb of eyes for 5 turns
 45228 | Depths:1 | Got a distressingly furry plate armour
 45239 | Depths:1 | Identified the +8 plate armour of Moeff {rC+ Dex+4} (You found it on level 1 of the Depths)
 45278 | Depths:1 | Paralysed by a great orb of eyes for 7 turns
 45603 | Depths:2 | Received a gift from Okawaru
 45603 | Depths:2 | Reached skill level 21 in Fighting
 46569 | Depths:2 | Noticed Saint Roka
 47059 | Depths:2 | Paralysed by a sphinx for 2 turns
 47108 | Depths:2 | Noticed a greater mummy
 47132 | Depths:2 | Killed a greater mummy
 47491 | Depths:2 | Noticed a greater mummy
 47520 | Depths:2 | Killed a greater mummy
 47805 | Depths:2 | Received a gift from Okawaru
 48417 | Depths:2 | Reached skill level 22 in Fighting
 48533 | Depths:2 | Killed Saint Roka
 48806 | D:15     | Noticed crossborder's ghost (journeyman TrMo)
 48824 | D:15     | Killed crossborder's ghost
 49024 | Vaults:3 | Bought a shiny large shield for 247 gold pieces
 49318 | Depths:3 | Reached XP level 23. HP: 162/162 MP: 30/30
 50072 | Depths:3 | Received a gift from Okawaru
 50201 | Depths:3 | Found a one-way gate to the infinite horrors of the Abyss.
 50806 | Depths:4 | Found Aleed's Jewellery Shoppe.
 50808 | Depths:4 | Found Cyiru's Gadget Shop.
 50809 | Depths:4 | Found Myroad Hoist's Jewellery Shoppe.
 50818 | Depths:4 | Reached skill level 15 in Dodging
 51007 | Depths:4 | Received a gift from Okawaru
 52022 | Depths:4 | Noticed Jory
 52045 | Depths:4 | Killed Jory
 52505 | Depths:5 | Entered Level 5 of the Depths
 52602 | Depths:5 | Paralysed by a great orb of eyes for 2 turns
 52632 | Depths:5 | Reached skill level 23 in Fighting
 52875 | Depths:5 | Noticed a caustic shrike
 52878 | Depths:5 | Noticed a caustic shrike
 52886 | Depths:5 | Killed a caustic shrike
 52889 | Depths:5 | Noticed a caustic shrike
 52897 | Depths:5 | Killed a caustic shrike
 52904 | Depths:5 | Killed a caustic shrike
 52904 | Depths:5 | Reached XP level 24. HP: 146/171 MP: 21/30
 52993 | Depths:5 | Found a gate to the Realm of Zot.
 53248 | Depths:5 | Found a snail-covered altar of Cheibriados.
 53249 | Depths:5 | Found a sacrificial altar of Ru.
 53249 | Depths:5 | Found a deep blue altar of Sif Muna.
 53308 | Depths:5 | Received a gift from Okawaru
 54035 | Depths:5 | Noticed a juggernaut
 54095 | Depths:5 | Killed a juggernaut
 54141 | Depths:5 | Identified Sif Muna's Compendium of Ashen Flames
 54421 | Depths:5 | Received a gift from Okawaru
 54523 | Depths:5 | Noticed a caustic shrike
 54529 | Depths:5 | Reached skill level 24 in Fighting
 54537 | Depths:5 | Killed a caustic shrike
 54560 | Depths:5 | Noticed a caustic shrike
 54572 | Depths:5 | Killed a caustic shrike
 55178 | Depths:5 | Received a gift from Okawaru
 55583 | Slime:1  | Entered Level 1 of the Pits of Slime
 55674 | Slime:1  | Reached XP level 25. HP: 144/179 MP: 29/30
 55890 | Slime:2  | Paralysed by a great orb of eyes for 7 turns
 56275 | Slime:4  | Found a viscous altar of Jiyva.
 56665 | Slime:4  | Received a gift from Okawaru
 56757 | Slime:5  | Entered Level 5 of the Pits of Slime
 56764 | Slime:5  | Gained mutation: Your body sometimes deteriorates upon taking damage. [a shining eye]
 56766 | Slime:5  | Gained mutation: You are clumsy. (Dex -2) [a shining eye]
 56768 | Slime:5  | Paralysed by a floating eye for 3 turns
 56866 | Slime:4  | Received a gift from Okawaru
 56867 | Slime:4  | Got a pair of distressingly furry gloves {god gift}
 56878 | Slime:4  | Identified the +1 pair of gloves of Echoim {-Cast +Fly rF+++ Dex-2} (Okawaru gifted it to you on level 4 of the Pits of Slime)
 57018 | Slime:5  | Paralysed by a great orb of eyes for 2 turns
 57100 | Slime:5  | Noticed the Royal Jelly
 57125 | Slime:5  | Found a viscous altar of Jiyva.
 57157 | Slime:5  | Killed the Royal Jelly
 57746 | Slime:5  | Got a fine copper ring
 57747 | Slime:5  | Identified the ring of Litost {Wiz Int+5 Dex+3} (You found it on level 5 of the Pits of Slime)
 57804 | Slime:5  | Got a slimy rune of Zot
 57813 | Slime:5  | Got a pair of ancient boots
 57824 | Slime:5  | Identified the +1 pair of boots of the Vestibule of Hell {Str+2} (You found it on level 5 of the Pits of Slime)
 57828 | Slime:5  | Got a slimy copper ring
 57829 | Slime:5  | Identified the ring of the Sunfish {rF- rC+++ MP+9 Str+2 Int+4} (You found it on level 5 of the Pits of Slime)
 57867 | Slime:5  | Got a transparent hand crossbow
 57868 | Slime:5  | Identified the cursed +1 hand crossbow of Dim Light {elec, rF+ Int+3 Dex+2} (You found it on level 5 of the Pits of Slime)
 59192 | Depths:5 | Lost mutation: Your body sometimes deteriorates upon taking damage. [potion of mutation]
 59192 | Depths:5 | Lost mutation: You have large cloven feet. [potion of mutation]
 59192 | Depths:5 | Lost mutation: You are clumsy. (Dex -2) [potion of mutation]
 59192 | Depths:5 | Gained mutation: Scrolls take you a little longer to read. [potion of mutation]
 59192 | Depths:5 | Gained mutation: Scrolls take you longer to read. [potion of mutation]
 59192 | Depths:5 | Gained mutation: Your movements are slightly less encumbered by armour. (ER -2) [potion of mutation]
 59195 | Depths:5 | Lost mutation: Scrolls take you longer to read. [potion of mutation]
 59195 | Depths:5 | Lost mutation: Scrolls take you a little longer to read. [potion of mutation]
 59195 | Depths:5 | Lost mutation: Your movements are slightly less encumbered by armour. (ER -2) [potion of mutation]
 59195 | Depths:5 | Gained mutation: Your muscles are strong. (Str +2) [potion of mutation]
 59195 | Depths:5 | Gained mutation: Your muscles are very strong. (Str +4) [potion of mutation]
 59196 | Depths:5 | @> thx
 59199 | Zot:1    | Entered Level 1 of the Realm of Zot
 59283 | Depths:5 | Reached skill level 25 in Fighting
 60038 | Zot:1    | Received a gift from Okawaru
 60038 | Zot:1    | Reached XP level 26. HP: 148/188 MP: 29/30
 61119 | Zot:2    | Paralysed by a Zot trap for 4 turns
 62370 | Zot:2    | Received a gift from Okawaru
 62391 | Zot:2    | Got a steaming morningstar {god gift}
 62392 | Zot:2    | Identified the +4 morningstar "Renanas" {flame, Stlth+} (Okawaru gifted it to you on level 2 of the Realm of Zot)
 62714 | Zot:3    | Reached skill level 26 in Fighting
 63229 | Zot:4    | Received a gift from Okawaru
 63308 | Zot:4    | Reached skill level 1 in Translocations
 63654 | Zot:4    | Reached XP level 27. HP: 183/196 MP: 28/30
 64197 | Zot:4    | Cast into level 5 of the Abyss (a Zot trap)
 64197 | Abyss:5  | Entered Level 5 of the Abyss
 64228 | Zot:4    | Escaped the Abyss
 64991 | Zot:4    | Received a gift from Okawaru
 65736 | Zot:5    | Entered Level 5 of the Realm of Zot
 66231 | Depths:4 | Bought a wand of digging (15/24) for 722 gold pieces
 66810 | Zot:5    | Reached skill level 5 in Translocations
 66953 | Zot:5    | Reached skill level 27 in Fighting
 67290 | Zot:5    | Noticed an orb of fire
 67295 | Zot:5    | Gained mutation: You are clumsy. (Dex -2) [an orb of fire]
 67306 | Zot:5    | Gained mutation: You are frail. (-10% HP) [an orb of fire]
 67313 | Zot:5    | Killed an orb of fire
 67404 | Zot:5    | Noticed an ancient lich
 67453 | Zot:5    | Noticed an ancient lich
 67453 | Zot:5    | Received a gift from Okawaru
 67472 | Zot:5    | Killed an ancient lich
 68039 | Zot:5    | Received a gift from Okawaru
 68059 | Zot:5    | Got the Orb of Zot
 68067 | Zot:5    | Noticed an orb of fire
 68086 | Zot:5    | Killed an orb of fire
 68172 | Zot:5    | Noticed an ancient lich
 68330 | Depths:5 | Noticed Fotemn the pandemonium lord
 68510 | D:14     | Noticed Yrphakus the pandemonium lord
 68575 | D:13     | Noticed Bianil the pandemonium lord
 68603 | D:13     | Paralysed by a floating eye for 3 turns
 68632 | D:13     | Slain by Yrphakus the pandemonium lord

Vault maps used:
D:1:      lemuel_arrival_muddy
D:2:      first_bread, serial_bayou_pond_a
D:3:      guppyfry_early_lair_pool, uniq_crazy_yiuf_cottage, uniq_iyjb,
          uniq_robin
D:4:      lemuel_temple_firewalk_a
D:5:      serial_shops, nicolae_shop_temple_entry_statues_fountains,
          minivault_26, grunt_gozag_breadcrumbs, uniq_grinder,
          uniq_prince_ribbit1, uniq_menkaure
D:6:      serial_glass, glass_columns_b, glass_columns_c, uniq_blork_the_orc,
          uniq_edmund, uniq_pikel
D:7:      grunt_dithmenos_smoke_and_mirrors
D:8:      cheibrodos_grave_circle
D:9:      erik_lair_island
D:10:     orc_0_dummy, serial_shops, nicolae_shop_stone, uniq_psyche,
          uniq_erolcha, uniq_urug
D:11:     serial_shops, kennysheep_mini_moat
D:12:     nooodl_glass_maze, enter_bailey_2
D:13:     david_vaults_4, david_nohive_1, minivault_14, uniq_frances
D:14:     roderic_serpentine_path, minmay_guarded_unrand_skullcrusher
D:15:     grunt_enter_depths_giant_problem, kennysheep_pointless_box,
          minivault_7, uniq_sonja
Temple:   compressed_dpeg_circular_temple
Lair:1:   beast_lair_carwin_large_2, eino_small_chamber_without_monster,
          infiniplex_staircase_pool_2, grunt_megastairs_1, uniq_fannar
Lair:2:   eino_house_with_fridge, uniq_gastronok
Lair:3:   nicolae_volcano_entry_batcave
Lair:4:   elwin_shoals_entry_stream, spider_nest_entry_web_field,
          forest_entry_grove
Lair:5:   portal_ice_cave_rime, minmay_lair_oklob_chamber, lemuel_fruit_fields
Lair:6:   minmay_lair_end_frog_pond, slime_altar_2
Shoals:1: serial_shops, shop, lightli_airlock, uniq_louise, uniq_kirke,
          uniq_donald
Shoals:2: serial_shops, shop, regret_index_shoals_crete
Shoals:3: uniq_polyphemus
Shoals:4: shoals_end_simple, shoals_ilsuiw_alternative, serial_shops,
          nicolae_shop_waterfront
Spider:2: spider_trap, hangedman_spider_mandibles
Spider:3: special_room, worms_lemuel
Spider:4: johnstein_spider_rune_arachne_lair, uniq_arachne
Slime:4:  basic_altar
Orc:1:    nicolae_orc_lava_tube, uniq_snorg
Orc:2:    grunt_orc_tribal_feast, serial_shops, shop, uniq_rupert
Vaults:1: nicolae_vaults_diagonal_hallway_9, v_rooms_5,
          hangedman_vaults_river_flow, v_misc_1, vaults_room_large_hall,
          v_misc_14, v_misc_14, nicolae_vaults_specimen_jars,
          nicolae_vaults_alarming, vaults_room_corners,
          nicolae_vaults_network_square, ontoclasm_vaults_hangar
Vaults:2: minmay_crypt_entry_necro_gods, v_misc_15,
          nicolae_vaults_yaktaur_gun_rack, st_cross, hangedman_vaults_trim,
          v_misc_11, ontoclasm_vaults_eye, v_misc_12, hangedman_vaults_capsules,
          ontoclasm_vaults_decontamination, ontoclasm_vaults_fault,
          nicolae_vaults_asterisk, vaults_room_semicircle
Vaults:3: nicolae_vaults_angled_halls, hangedman_vaults_locks,
          nicolae_vaults_little_squares_3, hangedman_vaults_hard_town_square,
          v_alt_pattern_4, nicolae_vaults_shelves_hall,
          nicolae_vaults_little_ls, hangedman_vaults_nails, serial_shops,
          nicolae_shop_waterfront, shop, shop,
          nicolae_shop_temple_entry_statues_fountains,
          nicolae_shop_temple_entry_statues_fountains,
          portal_desolation_entry_nicolae_slug
Vaults:4: hangedman_vaults_nails, v_misc_33, nicolae_vaults_sealed_display,
          v_pattern_4, hangedman_vaults_corner, nicolae_vaults_statue_guard,
          hangedman_vaults_variations, nicolae_vaults_circle_grid_b,
          grunt_vaults_diagonal
Depths:1: kennysheep_scales, enter_ziggurat_d, kennysheep_cross_landing,
          grunt_metal_band, pan_entry, nicolae_wwwww
Depths:2: ragdoll_tomb_raider, infiniplex_staircase_river, hellmouth_1,
          hangedman_decor_diamond_cutter, uniq_saint_roka
Depths:3: minmay_spriggan_fort, grunt_pan_entry_zigzag,
          grunt_hell_entry_dis_old, abyss_entry, kennysheep_boxes,
          corexii_corridor_pit, basic_stair_grate_trap
Depths:4: due_jory_tower, hangedman_coc_ice_floe, minmay_door_square,
          abyss_entry, minmay_shop_grove
Depths:5: hangedman_slaughterboxes, hell_entry
Zot:1:    nicolae_zot_stationary_front, st_stairs_2
Zot:2:    grunt_ministairs_11
Zot:4:    kennysheep_blocky_room, amethyst_zot_foddershock
Zot:5:    lemuel_flame_loot_1
Abyss:5:  evilmike_abyss_rune_elephants_shrine, evilmike_abyss_exit_11
Bailey:   bailey_axe_4, bailey
IceCv:    ice_cave_caverns_03
Volcano:  volcano_pools

Skill      XL: |  1  2  3  4  5  6  7  8  9 10 11 12 13 14 15 16 17 18 19 20 21 22 23 24 25 26 27 |
---------------+----------------------------------------------------------------------------------+-----
Maces & Flails | 3 4 5 6 8 9 10 11 13 14 15 16 | 16.3
Fighting       | 4 5 6 7 8 9 10 11 12 13 15 16 17 19 20 22 23 24 25 26 27 | 27.0
Armour         | 4 5 6 7 8 9 10 11 12 13 14 15 16 17 18 19 20 21 22 | 22.4
Shields        | 4 5 7 8 9 10 11 12 13 14 15 16 17 18 19 20 | 20.9
Invocations    | 2 4 6 7 9 10 | 10.3
Dodging        | 1 5 7 8 10 11 12 13 14 15 16 17 18 | 18.1
Evocations     | 2 4 6 |  6.9
Translocations | 1 6 |  6.8
Air Magic      | |  0.4

Action                   |  1- 3 |  4- 6 |  7- 9 | 10-12 | 13-15 | 16-18 | 19-21 | 22-24 | 25-27 || total
-------------------------+-------+-------+-------+-------+-------+-------+-------+-------+-------++-------
Melee: Flail             |   131 |   341 |   312 |       |       |       |       |       |       ||   784
       Morningstar       |       |       |   110 |   666 |  1485 |  1858 |   459 |       |       ||  4578
       Mace              |       |       |    14 |       |       |       |       |       |       ||    14
       Kick              |       |       |       |       |       |   760 |   863 |       |       ||  1623
       Demon whip        |       |       |       |       |       |       |  1986 |  2439 |  2460 ||  6885
       Dire flail        |       |       |       |       |       |       |     4 |       |       ||     4
Throw: Tomahawk          |       |       |     2 |       |       |       |       |       |       ||     2
       Stone             |       |       |       |       |       |     1 |       |       |       ||     1
Invok: Heroism           |       |       |     3 |    20 |    16 |    10 |     7 |    20 |     4 ||    80
       Finesse           |       |       |       |     2 |     3 |     4 |     4 |    12 |     3 ||    28
 Abil: Fly               |       |       |       |       |     1 |     2 |       |       |       ||     3
       Stop Flying       |       |       |       |       |       |     2 |       |       |       ||     2
       Evoke Blink       |       |       |       |       |       |     1 |       |     1 |     2 ||     4
Evoke: Wand              |       |       |       |       |       |     1 |       |       |     3 ||     4
       Phial of floods   |       |       |       |       |       |       |       |       |     1 ||     1
  Use: Scroll            |       |    11 |     5 |    10 |    12 |    11 |    12 |     7 |    19 ||    87
       Potion            |       |     1 |     1 |       |       |     1 |       |       |    11 ||    14
 Stab: Petrified         |       |       |       |       |       |     7 |       |       |       ||     7
       Petrifying        |       |       |       |       |       |     4 |       |       |       ||     4
       Distracted        |       |       |       |       |       |       |       |     1 |       ||     1
       Confused          |       |       |       |       |       |       |       |       |     2 ||     2
  Eat: Chunk             |     1 |     8 |    16 |    18 |    32 |    32 |    31 |    34 |    23 ||   195
       Fruit             |       |       |    11 |       |       |       |       |       |       ||    11
       Meat ration       |       |       |     1 |       |       |       |       |       |     3 ||     4
       Royal jelly       |       |       |       |       |       |     4 |     2 |     1 |     2 ||     9
       Bread ration      |       |       |       |       |       |       |       |       |     2 ||     2
Armor: Scale mail        |    49 |       |       |       |       |       |       |       |       ||    49
       Chain mail        |    19 |   254 |   227 |       |       |       |       |       |       ||   500
       Skin              |       |       |    31 |       |       |       |       |       |       ||    31
       Plate armour      |       |       |    28 |   402 |   618 |    89 |       |   636 |   646 ||  2419
       Crystal plate arm |       |       |       |       |       |   894 |   805 |    11 |       ||  1710
Dodge: Dodged            |    34 |    85 |    81 |   120 |   400 |   619 |   663 |   740 |   771 ||  3513
Block: Shield            |    75 |   205 |   210 |   338 |   895 |  1290 |  1365 |   543 |       ||  4921
       Large shield      |       |       |       |       |       |       |       |  1199 |  2239 ||  3438
